 Dungeon Crawl Stone Soup version 0.15-b1-129-g6fffc38 (webtiles) character file.

102 JacquesDerrida the Stinger (level 4, -9/36 HPs)
             Began as a Naga Venom Mage on Aug 28, 2014.
             Was an Initiate of Okawaru.
             Mangled by an ice beast (10 damage)
             ... on Level 3 of the Dungeon.
             The game lasted 00:09:04 (1704 turns).

JacquesDerrida the Stinger (Naga Venom Mage)        Turns: 1704, Time: 00:09:05

HP  -9/36        AC  2     Str 10      XL: 4   Next: 78%
MP   9/9         EV  9     Int 16      God: Okawaru [......]
Gold 147         SH  3     Dex 12      Spells:  3 memorised,  1 level left

rFire  . . .     SeeInvis +     u - +1 spear (freeze)
rCold  . . .     Clarity  .     a - +0 robe
rNeg   . . .     rCorr    .     t - +0 buckler
rPois  +         rRot     .     (no helmet)
rElec  .         Spirit   .     (no cloak)
SustAb .         Warding  .     (no gloves)
rMut   .         Stasis   .     (no barding)
Gourm  .                        (no amulet)
MR     +....                    (no ring)
                                q - ring of protection from magic

@: very slow, somewhat resistant to hostile enchantments, unstealthy
A: spit poison, see invisible, deformed body, poison resistance, slowness 2, AC
+1
a: Spit Poison, Renounce Religion


You were on level 3 of the Dungeon.
You worshipped Okawaru.
Okawaru was noncommittal.
You were not hungry.

You visited 1 branch of the dungeon, and saw 3 of its levels.

You collected 147 gold pieces.

Inventory:

Hand weapons
 f - a +0 short sword
 h - a +0 dagger of holy wrath
 u - a +1 spear of freezing (weapon)
 w - a +0 dagger of holy wrath
Armour
 a - a +0 robe (worn)
 p - a +1 centaur barding
 t - a +0 buckler (worn)
Comestibles
 c - 3 bread rations
 n - 3 meat rations
 z - 4 rotting chunks of orc flesh
Scrolls
 i - a scroll of blinking {unknown}
 m - 2 scrolls of noise {unknown}
 o - 3 scrolls of remove curse {unknown}
 r - 2 scrolls of identify {unknown}
 y - a scroll of fear {unknown}
Jewellery
 q - a ring of protection from magic (left hand)
Potions
 g - a potion of flight {unknown}
 j - 2 potions of lignification {unknown}
 k - a potion of curing {unknown}
 l - a potion of degeneration {unknown}
 x - 2 potions of resistance {unknown}
Books
 b - a Young Poisoner's Handbook

   Spells                             Type                      Level
   *Sting                             Conjuration/Poison           1
   Cure Poison                        Poison                       2
   *Mephitic Cloud                    Conjuration/Poison/Air       3
   *Olgreb's Toxic Radiance           Poison                       4
   Venom Bolt                         Conjuration/Poison           5


   Skills:
 - Level 1.5 Dodging
 - Level 3.0 Stealth
 - Level 3.1 Spellcasting
 + Level 2.3 Conjurations
 + Level 6.0 Poison Magic


You had one spell level left.
You knew the following spells:

 Your Spells              Type           Power        Failure   Level  Hunger
a - Sting                 Conj/Pois      ###.         4%          1    None
b - Olgreb's Toxic Radia  Pois           ###.....     21%         4    ####...
c - Mephitic Cloud        Conj/Pois/Air  ##......     21%         3    ###....


Dungeon Overview and Level Annotations

Branches:
Dungeon (3/15)

Altars:
Okawaru


Innate Abilities, Weirdness & Mutations

You cannot wear boots.
You can spit poison.
Your serpentine skin is tough (AC +1).
You have supernaturally acute eyesight.
Armour fits poorly on your strangely shaped body.
Your system is resistant to poisons.
You cover ground very slowly.


Message History

Read which item? (? for menu, Esc to quit)
As you read the scroll labeled HYISTO DIALO, it crumbles to dust.
You feel aware of your surroundings.
You sensed 2 altars.
It was a scroll of magic mapping.
Read which item? (? for menu, Esc to quit)
As you read the scroll labeled BANWOC CLIXT, it crumbles to dust.
Forget which spell ([?*] list [ESC] exit)?
Forget which spell ([?*] list [ESC] exit)?
Okay, then.
It was a scroll of amnesia.
The ice beast hits you. The ice beast freezes you!
* * * LOW HITPOINT WARNING * * *
Drink which item? (? for menu, Esc to quit)
Okay, then.
Read which item? (? for menu, Esc to quit)
As you read the scroll labeled JUSHEN ICEMI, it crumbles to dust.
The creatures around you are filled with an inner flame!
It was a scroll of immolation.
The ice beast hits you.
* * * LOW HITPOINT WARNING * * *
The ice beast freezes you!
You die...

,** *,**,**,,*#...######).####..
*,* *,**,**,,,..#.........###..#
,*****,***,#,*,#.#.######..#.....
,,,,,,,,,,...,,...,* #..#.#..#
,,****,,,*,#.#,#.#** #........
,,****,,,,,,......* ##...<..#
,,,,>**,,#.#.#.#>## #..##.##
,,,,,**,.......Y..# #..##.#
,,**,**,*#.#.#.#@###### ##..##.#
,,,,,,,,#.........#...###..)...#
,,,,,,,,,#.#.#.#.#%....##...#..#
*,**,,****..............#)..#..##
,,**,,,,,,,.................#....
,,,,,,,,**..............#..##.###
****,,,,**,####.......(##..#.....
* *,,,,,,,,,*#...#...###........
* *,,,,,,,*.*#...##### ##.......


You could see an ice beast (inner flame).

Vanquished Creatures
  Ijyb (D:3)
  2 adders (D:2)
  2 worms (D:2)
  2 orcs (D:3)
  6 bats
  4 giant cockroaches
  5 goblins
  8 hobgoblins
  2 jackals (D:1)
  5 kobolds
  A quokka (D:2)
  A ball python (D:1)
  A giant gecko (D:1)
  6 giant newts
  2 rats (D:1)
48 creatures vanquished.

Notes
Turn   | Place    | Note
--------------------------------------------------------------
     0 | D:1      | JacquesDerrida, the Naga Venom Mage, began the quest for the Orb.
     0 | D:1      | Reached XP level 1. HP: 15/15 MP: 3/3
   103 | D:1      | Reached skill level 1 in Conjurations
   221 | D:1      | Reached XP level 2. HP: 8/22 MP: 1/4
   774 | D:1      | Reached XP level 3. HP: 25/28 MP: 2/6
  1216 | D:2      | Reached XP level 4. HP: 24/36 MP: 7/9
  1222 | D:2      | Learned a level 4 spell: Olgreb's Toxic Radiance
  1467 | D:3      | Learned a level 3 spell: Mephitic Cloud
  1531 | D:3      | Found an iron altar of Okawaru.
  1547 | D:3      | Became a worshipper of Warmaster Okawaru
  1606 | D:3      | Noticed Ijyb
  1626 | D:3      | Killed Ijyb
  1626 | D:3      | Reached skill level 6 in Poison Magic
  1700 | D:3      | Noticed an ice beast
  1704 | D:3      | HP: 1/36 [ice beast (2)]
  1704 | D:3      | Mangled by an ice beast

Action                   |  1- 3 |  4- 6 || total
-------------------------+-------+-------++-------
Melee: Unarmed           |    13 |       ||    13
       Dagger            |    15 |       ||    15
       Short sword       |     1 |       ||     1
       Spear             |     8 |    14 ||    22
 Cast: Sting             |    51 |    27 ||    78
       Olgreb's Toxic Ra |       |     2 ||     2
  Use: Scroll            |       |     3 ||     3
  Eat: Chunk             |     1 |     2 ||     3
       Pizza             |       |     1 ||     1
